 Dungeon Crawl Stone Soup version 0.31.0-11-ge490571c62 (webtiles) character file.

Game seed: 7600035072035816640

172 Arcadio the Cudgeller (level 5, -3/45 HPs)
             Began as an Armataur Gladiator on Jan 26, 2024.
             Slain by an ogre
             ... wielding a +0 giant club
              (27 damage)
             ... on level 4 of the Dungeon.
             The game lasted 00:05:31 (3007 turns).

Arcadio the Cudgeller (Armataur Gladiator)          Turns: 3007, Time: 00:05:32

Health: -3/45      AC:  6    Str: 22    XL:     5   Next: 27%
Magic:  5/5        EV: 14    Int:  8    God:
Gold:   201        SH:  0    Dex: 11    Spells: 4/4 levels left

rFire   . . .        w - +10 mace of Excruciating Pain {protect, rPois SInv}
rCold   . . .        (no shield)
rNeg    . . .        g - +0 leather armour
rPois   +            c - +0 helmet
rElec   .            (no cloak)
rCorr   .            (no gloves)
SInv    +            (no barding)
Will    .....        (no amulet)
Stlth   +            B - +5 ring of evasion
HPRegen 0.27/turn    l - ring of flight
MPRegen 0.09/turn

%: roll
@: flying
A: large, deformed body, tough skin 3, armoured tail, roll 1
a: no special abilities


You were on level 4 of the Dungeon.
You visited 1 branch of the dungeon, and saw 4 of its levels.

You collected 201 gold pieces.

Inventory:

Hand Weapons
 a - a +0 flail
 i - a +0 hand axe of holy wrath
 n - a +2 vampiric short sword
 u - the +6 spear of Trog's Benevolence {flame, Str+2}
   (You found it on level 2 of the Dungeon)

   Str+2:     It affects your strength (+2).
 v - a +4 quarterstaff
 w - the +10 mace of Excruciating Pain (weapon) {protect, rPois SInv}
   (You found it on level 3 of the Dungeon)

   rPois:     It protects you from poison SInv: It lets you see invisible.
Missiles
 d - 3 throwing nets (quivered)
 e - a javelin
Armour
 b - a +0 leather armour
 c - a +0 helmet (worn)
 g - a +0 leather armour (worn)
Jewellery
 l - a ring of flight (right hand)
 p - a ring of ice
 B - a +5 ring of evasion (left hand)
 C - a ring of wizardry
Scrolls
 j - a scroll of revelation {unknown}
 m - 3 scrolls of blinking {unknown}
 o - a scroll of noise {unknown}
 r - a scroll of enchant weapon {unknown}
 s - a scroll of amnesia {unknown}
 t - 2 scrolls of teleportation
 x - 2 scrolls of fear {unknown}
 y - 2 scrolls of poison {unknown}
 A - a scroll of vulnerability {unknown}
Potions
 f - a potion of attraction
 h - 2 potions of curing
 k - 2 potions of haste
 q - a potion of mutation {unknown}
 z - a potion of might {unknown}
 D - a potion of heal wounds {unknown}


   Skills:
 + Level 3.2 Fighting
 + Level 3.8 Maces & Flails
 - Level 1.7 Throwing
 + Level 3.2 Armour
 - Level 2.1 Dodging


You had 4 spell levels left.
You didn't know any spells.
Your spell library contained the following spells:

 Spells                   Type           Power      Damage    Failure   Level
 Fugue of the Fallen      Necr           0%         N/A       83%         3
 Ozocubu's Armour         Ice            0%         N/A       83%         3
 Manifold Assault         Tloc           0%         N/A       99%         4


Dungeon Overview and Level Annotations

Branches:
Dungeon (4/15)
 Temple: D:4-7

Altars:
Cheibriados
Fedhas
Nemelex Xobeh
Ru


Innate Abilities, Weirdness & Mutations

Armour fits poorly on your strangely shaped body.
You have extremely tough skin. (AC +3)
You have a long armoured tail.
You regenerate magic when rolling toward enemies. (Rampage MPRegen)


Message History

A hobgoblin comes into view.
The hobgoblin shouts!
You roll towards the hobgoblin!
You thump the hobgoblin!
Your weapon exudes an aura of protection.
You kill the hobgoblin!
You see here a +2 spear of distortion.
You now have 187 gold pieces (gained 11).
You now have 201 gold pieces (gained 14).
There is an escape hatch in the floor here.
m - 3 scrolls labelled XIAQEOH TUCRI (gained 1)
You reach down and open the door.
There is an open door here.
There is an open door here.
There is an open door here.
You reach down and open the door.
There is an open door here.
You see here a +0 scale mail.
You see here 4 poisoned darts.
You reach down and open the door.
There is an open door here.
There is an open door here.
A ball python comes into view.
The ball python hisses angrily.
You sock the ball python!
Your weapon exudes an aura of protection.
You kill the ball python!
You see here a ball python corpse.
You reach down and open the door.
An ogre comes into view. It is wielding a +0 giant club.
The ogre shouts!
There is an open door here.
Sorry, you're not good enough to have a special ability.
Unknown command.
The ogre attacks as it pursues you!
The ogre hits you with a +0 giant club!!
The ogre attacks as it pursues you!
The ogre hits you with a +0 giant club!!
Ouch! That really hurt!
You die...

.......#........#
.......#........#
.......#........#
.......#........#
.......'........#
..######........# #
##..##......#######
# #....#.....O# # #
#....#...<.@# # #
#....#......# # #
#....#......# # #
#....+......# # #
#....#......# #
#########...†....#
###
.........#########
#.. #........# #..
+........# #..


You could see an ogre.

Vanquished Creatures
  A howler monkey (D:4)
  5 adders
  3 dart slugs
  3 ribbon worms (D:2)
  4 orcs (D:3)
  6 ball pythons
  4 endoplasms
  4 giant cockroaches
  3 goblins
  7 hobgoblins
  3 jackals (D:2)
  9 kobolds
  3 quokkas
  8 bats
  4 frilled lizards
  7 rats
74 creatures vanquished.

Notes
Turn   | Place    | Note
-------+----------+-------------------------------------------
     0 | D:1      | Arcadio the Armataur Gladiator began the quest for the Orb.
     0 | D:1      | Reached XP level 1. HP: 17/17 MP: 1/1
    36 | D:1      | Reached skill level 1 in Armour
   138 | D:1      | Reached XP level 2. HP: 20/24 MP: 2/2
   439 | D:1      | Reached XP level 3. HP: 25/30 MP: 3/3
  1160 | D:2      | Identified the +6 spear of Trog's Benevolence {flame,
                  | Str+2}
  1316 | D:2      | Reached XP level 4. HP: 37/37 MP: 4/4
  1934 | D:3      | Found a snail-covered altar of Cheibriados.
  2064 | D:3      | Found a blossoming altar of Fedhas.
  2065 | D:3      | Identified the +10 mace of Excruciating Pain {protect,
                  | rPois SInv}
  2421 | D:3      | Found a sacrificial altar of Ru.
  2697 | D:4      | Reached XP level 5. HP: 45/45 MP: 5/5
  2792 | D:4      | Found a sparkling altar of Nemelex Xobeh.
  2999 | D:4      | Noticed an ogre
  3007 | D:4      | Slain by an ogre

Illustrated notes

Levels and vault maps discovered:
D:1:      dreamdust_arrival_beginning_and_end, layout_rooms,
          chequers_serial_rivers_micro_c, grunt_decor_fettered,
          nicolae_eternal_life, minmay_fountain_box
D:2:      layout_loops_corners, hangedman_decor_clover_reticule,
          minmay_door_square, chequers_serial_rivers_marsh
D:3:      layout_basic, nicolae_ru_sacrificial_ziggurat,
          mainiacjoe_overflow_concentric_impassable, fedhas_altar_2,
          serial_park_tiny_1
D:4:      layout_gridville, nemelex_spade_bored_becter, uniq_crazy_yiuf_cottage

Skill      XL: |  1  2  3  4 |
---------------+-------------+-----
Fighting       | 2 3 |  3.2
Armour         | 1 2 3 |  3.2
Maces & Flails | 3 |  3.8
Throwing       | |  1.7
Dodging        | |  2.1

Action                     |  1- 3 |  4- 6 || total
---------------------------+-------+-------++-------
  Melee: Flail             |    84 |       ||    84
         Punch             |     1 |       ||     1
         Tailslap          |    14 |     2 ||    16
         Short sword       |    57 |       ||    57
         Spear             |     8 |    23 ||    31
         Mace              |       |    23 ||    23
         Quarterstaff      |       |     6 ||     6
    Use: Scroll            |       |     4 ||     4
 Armour: Leather armour    |   129 |    26 ||   155
  Dodge: Dodged            |    95 |    20 ||   115
